 Dungeon Crawl Stone Soup version 0.29-a0-330-g52719c12eb (webtiles) character file.

Game seed: 817264749084222301

592 kae the Stinger (level 7, -4/62 HPs)
             Began as a Naga Venom Mage on Apr 19, 2022.
             Splashed by a jelly's acid (7 damage)
             ... on level 6 of the Dungeon.
             The game lasted 00:05:08 (6620 turns).

kae the Stinger (Naga Venom Mage)                   Turns: 6620, Time: 00:05:09

Health: -4/62      AC: -4    Str: 10    XL:     7   Next: 39%
Magic:  18/21      EV: 10    Int: 17    God:
Gold:   594        SH:  0    Dex: 12    Spells: 3/13 levels left

rFire   + . .      SeeInvis +   c - staff of conjuration
rCold   . . .      Faith    .   (no shield)
rNeg    . . .      Spirit   .   a - +0 robe
rPois   +          Reflect  .   (no helmet)
rElec   .          Harm     .   (no cloak)
rCorr   .          Rampage  .   (no gloves)
Will    .....                   (no barding)
Stlth   ++........              (no amulet)
HPRegen 0.20/turn               k - ring of magical power
MPRegen 0.17/turn               q - ring of protection from fire

@: corroded, very slow
A: AC +2, large, see invisible, deformed body, poison resistance, slowness 2,
spit poison 1, naga tail 1
a: Spit Poison


You were on level 6 of the Dungeon.
You visited 1 branch of the dungeon, and saw 6 of its levels.

You collected 594 gold pieces.

Inventory:

Armour
 a - a +0 robe (worn)
Magical Staves
 c - a staff of conjuration (weapon)
Jewellery
 k - a ring of magical power (left hand)
 q - a ring of protection from fire (right hand)
Scrolls
 j - 2 scrolls of teleportation
Potions
 b - 2 potions of magic
 d - a potion of might
 e - a potion of degeneration
 g - 2 potions of curing
 h - 4 potions of heal wounds
 i - 2 potions of attraction {unknown}
 l - a potion of lignification {unknown}
 o - 2 potions of resistance {unknown}
 p - a potion of haste {unknown}


   Skills:
 + Level 3.1 Fighting
 - Level 1.5 Dodging
 - Level 3.0 Stealth
 + Level 3.7 Spellcasting
 + Level 3.4 Transmutations
 * Level 7.5 Poison Magic


You had 3 spell levels left.
You knew the following spells:

 Your Spells              Type           Power      Damage    Failure   Level
a - Sting                 Tmut/Pois      84%        1d7       1%          1
b - Poisonous Vapours     Pois/Air       30%        N/A       5%          2
c - Olgreb's Toxic Radia  Pois           28%        N/A       8%          4
d - Mephitic Cloud        Conj/Pois/Air  17%        N/A       17%         3

Your spell library contained the following spells:

 Spells                   Type           Power      Damage    Failure   Level
 Animate Skeleton         Necr           6%         N/A       16%         1
 Apportation              Tloc           6%         N/A       16%         1
 Magic Dart               Conj           16%        1d3       16%         1
 Summon Small Mammal      Summ           12%        N/A       16%         1
 Searing Ray              Conj           8%         2d4       24%         2
 Gell's Gravitas          Tloc           3%         N/A       43%         3
 Lesser Beckoning         Tloc           3%         N/A       43%         3
 Teleport Other           Tloc           3%         N/A       43%         3
 Fulminant Prism          Conj/Hex       2%         3d6       85%         4


Dungeon Overview and Level Annotations

Branches:
Dungeon (6/15)
 Temple: D:4-7

Altars:
Qazlal

Annotations:
D:6 exclusions: orc and troll


Innate Abilities, Weirdness & Mutations

Your serpentine skin is tough. (AC +2)
You have supernaturally acute eyesight. (SInv)
Armour fits poorly on your strangely shaped body.
Your system is resistant to poisons. (rPois)
You cover ground very slowly.
You can spit poison.
You have a snake-like lower body.


Message History

You can't see any susceptible monsters within range! (Use Z to cast anyway.)
Casting: Sting (safe; 1% risk of failure)
Confirm with . or Enter, or press ? or * to list all spells.
You can't see any susceptible monsters within range! (Use Z to cast anyway.)
Casting: Sting (safe; 1% risk of failure)
Confirm with . or Enter, or press ? or * to list all spells.
You can't see any susceptible monsters within range! (Use Z to cast anyway.)
Casting: Sting (safe; 1% risk of failure)
Confirm with . or Enter, or press ? or * to list all spells.
You can't see any susceptible monsters within range! (Use Z to cast anyway.)
You aren't carrying any items that you can evoke.
Okay, then.
Okay, then.
You barely miss the jelly. The jelly hits you. The acid corrodes you!
You are splashed with acid!
You hit the jelly but do no damage.
Your hands burn!
The jelly barely misses you.
You hit the jelly.
Your hands burn!
The jelly is lightly wounded.
The jelly closely misses you.
You hit the jelly but do no damage.
Your hands burn!
The jelly is lightly wounded.
The jelly hits you.
You are splashed with acid!
You hit the jelly but do no damage.
Your hands burn!
The jelly is lightly wounded.
The jelly hits you.
You are splashed with acid!
The jelly closely misses you.
You hit the jelly.
Your hands burn!
* * * LOW HITPOINT WARNING * * *
The jelly is lightly wounded.
The jelly hits you.
* * * LOW HITPOINT WARNING * * *
You are splashed with acid!
* * * LOW HITPOINT WARNING * * *
You hit the jelly.
Your hands burn!
* * * LOW HITPOINT WARNING * * *
The jelly is moderately wounded.
The jelly hits you.
* * * LOW HITPOINT WARNING * * *
The acid corrodes you!
You are splashed with acid!
You die...

#......#....[.
.......?....
...........##
#..........#
#<.........# #.
#...)......#...
#......J.......
#.....@.......
#....#........
##...............###.
##.....##.............
#......#..............
##....##.............#
#
##.#.....[.......##.#.#
#..#................. .
#..............#.... ..


You could see a jelly.

Vanquished Creatures
  2 ogres (D:5)
  A scorpion (D:2)
  A howler monkey (D:5)
  An orc priest (D:6)
  2 hounds
  Natasha (thrice) (D:2)
  A gnoll (D:1)
  7 adders
  2 ufetubi (D:6)
  A worm (D:5)
  3 dart slugs
  3 orcs
  3 ball pythons
  6 endoplasms
  3 giant cockroaches
  7 goblins
  10 hobgoblins
  9 jackals
  5 quokkas
  9 bats
  3 frilled lizards (D:1)
  5 kobolds
  3 rats
90 creatures vanquished.

Vanquished Creatures (others)
  10 fungi (D:3)
  3 toadstools (D:3)
13 creatures vanquished.

Grand Total: 103 creatures vanquished

Notes
Turn   | Place    | Note
-------+----------+-------------------------------------------
     0 | D:1      | kae the Naga Venom Mage began the quest for the Orb.
     0 | D:1      | Reached XP level 1. HP: 15/15 MP: 3/3
   203 | D:1      | Found a faded altar of an unknown god.
   313 | D:1      | Reached XP level 2. HP: 24/24 MP: 0/5
  1001 | D:1      | Reached XP level 3. HP: 23/30 MP: 0/6
  1146 | D:1      | Reached skill level 1 in Fighting
  1744 | D:2      | Noticed a scorpion
  1758 | D:2      | Killed a scorpion
  1759 | D:2      | Reached skill level 5 in Poison Magic
  1759 | D:2      | Reached XP level 4. HP: 26/39 MP: 0/8
  1869 | D:2      | Reached XP level 5. HP: 43/45 MP: 5/9
  2258 | D:2      | Noticed Natasha
  2262 | D:2      | Killed Natasha
  2365 | D:2      | Noticed Natasha
  2373 | D:2      | Killed Natasha
  2498 | D:2      | Noticed Natasha
  2513 | D:2      | Killed Natasha
  2514 | D:2      | Reached skill level 6 in Poison Magic
  2704 | D:2      | Learned a level 2 spell: Poisonous Vapours
  3430 | D:3      | Reached XP level 6. HP: 49/52 MP: 3/10
  5012 | D:5      | Entered Level 5 of the Dungeon
  5230 | D:5      | HP: 2/55 [ogre/+0 giant club (29)]
  5233 | D:5      | Reached skill level 7 in Poison Magic
  5233 | D:5      | Reached XP level 7. HP: 3/61 MP: 3/12
  5624 | D:5      | Found a stormy altar of Qazlal.
  6372 | D:6      | Learned a level 4 spell: Olgreb's Toxic Radiance
  6376 | D:6      | Learned a level 3 spell: Mephitic Cloud
  6422 | D:6      | Noticed a troll
  6620 | D:6      | HP: 3/62 [jelly (2)]
  6620 | D:6      | Splashed by a jelly's acid

Illustrated notes

Levels and vault maps discovered:
D:1:      minmay_arrival_semitransparent, layout_loops_ring,
          shapermc_ecumenical_altar_totnotflames, kennysheep_small_spiral
D:2:      layout_basic, hex_medium, uniq_natasha
D:3:      layout_rooms, minmay_gold_behind_fungi, minmay_tree_intersection
D:4:      cheibrodos_greedy_goblins, layout_basic
D:5:      layout_basic, amcnicky_altar_gilded
D:6:      layout_cave_pools, temple_doors_e, minmay_misc_feat_tiny, uniq_duvessa

Skill      XL: |  1  2  3  4  5  6  7 |
---------------+----------------------+-----
Fighting       | 1 2 3 |  3.1
Transmutations | 2 3 |  3.4
Poison Magic   | 5 6 7 |  7.5
Spellcasting   | 3 |  3.7
Dodging        | |  1.5
Stealth        | |  3.0

Action                   |  1- 3 |  4- 6 |  7- 9 || total
-------------------------+-------+-------+-------++-------
Melee: Staff             |    10 |    38 |     7 ||    55
 Cast: Sting             |    62 |   121 |    16 ||   199
       Poisonous Vapours |       |    32 |    11 ||    43
       Olgreb's Toxic Ra |       |       |     1 ||     1
 Abil: Spit Poison       |    10 |     7 |       ||    17
  Use: Scroll            |     2 |     5 |     4 ||    11
       Potion            |       |     1 |       ||     1
Armor: Robe              |    13 |    29 |     4 ||    46
Dodge: Dodged            |    22 |    76 |     7 ||   105

Table legend: (Time is in decaauts)
 A = Elapsed time spent in this place.
 B = Non-inter-level travel time spent in this place.
 C = Inter-level travel time spent in this place.
 D = Time resting spent in this place.
 E = Time spent auto-exploring this place.
 F = Levels seen in this place.
 G = Mean time per level.
                   A        B        C        D        E       F      G
               +--------+--------+--------+--------+--------+-----+--------+
         Total |   7810 |   7610 |    200 |    599 |   6190 |   6 | 1301.7 |
       Dungeon |   7810 |   7610 |    200 |    599 |   6190 |   6 | 1301.7 |
               +--------+--------+--------+--------+--------+-----+--------+

Top non-repeatable levels by time:
     D:1: 1797 daAuts
     D:4: 1689 daAuts
     D:5: 1452 daAuts
     D:2: 1390 daAuts
     D:3: 1091 daAuts
     D:6: 389 daAuts
